 Dungeon Crawl Stone Soup version 0.16.2-12-gd0ad4c3 (webtiles) character file.

347 faibistes the Magician (level 6, 0/32 HPs)
             Began as a Deep Elf Wizard on Oct 20, 2018.
             Slain by a giant gecko (4 damage)
             ... on level 3 of the Dungeon.
             The game lasted 00:07:10 (1959 turns).

faibistes the Magician (Deep Elf Wizard)            Turns: 1959, Time: 00:07:10

Health: 0/32       AC:  2    Str:  4    XL:     6   Next: 33%
Magic:  7/32       EV: 13    Int: 25    God:
Gold:   70         SH:  0    Dex: 13    Spells: 6 memorised, 6 levels left

rFire  . . .     SeeInvis .     w - +0 dagger (venom)
rCold  . . .     Clarity  .     a - +0 robe
rNeg   . . .     SustAb   .     (no shield)
rPois  .         Gourm    .     b - +0 hat
rElec  .         Spirit   .     (no cloak)
rCorr  .         Warding  .     (no gloves)
rMut   .         Stasis   .     (no boots)
MR     .....                    (no amulet)
Stlth  +.........               (no ring)
                                l - ring of magical power

@: very slightly contaminated, repel missiles, not resistant to hostile
enchantments, very unstealthy
A: no striking features
a: no special abilities


You were on level 3 of the Dungeon.
You were not hungry.

You visited 1 branch of the dungeon, and saw 4 of its levels.

You collected 70 gold pieces.

Inventory:

Hand weapons
 e - a +0 club
 h - a +1 dagger
 w - a +0 dagger of venom (weapon)
Armour
 a - a +0 robe (worn)
 b - a +0 hat (worn)
Jewellery
 l - a ring of magical power (left hand)
Scrolls
 p - a scroll of random uselessness {unknown}
Potions
 f - a potion of curing {unknown}
 j - a potion of restore abilities {unknown}
 k - a potion of ambrosia {unknown}
 n - a potion of cure mutation {unknown}
 q - a potion of poison {unknown}
Books
 c - a book of Minor Magic

   Spells                             Type                      Level
   a - Magic Dart                     Conjuration                  1
   b - Blink                          Translocation                2
   c - Call Imp                       Summoning                    2
   d - Repel Missiles                 Charms/Air                   2
   e - Slow                           Hexes                        2
   f - Conjure Flame                  Conjuration/Fire             3
   g - Mephitic Cloud                 Conjuration/Poison/Air       3
Comestibles
 d - 2 bread rations
 g - 9 chunks of flesh
 i - a beef jerky
 m - a fruit
 o - a meat ration


   Skills:
 + Level 3.9 Dodging
 - Level 2.4 Stealth
 * Level 7.0 Spellcasting
 * Level 4.6 Conjurations
 - Level 1.1 Summonings
 - Level 1.1 Translocations


You had 6 spell levels left.
You knew the following spells:

 Your Spells              Type           Power        Failure   Level  Hunger
a - Magic Dart            Conj           ####         1%          1    None
b - Conjure Flame         Conj/Fire      ###.....     10%         3    None
c - Call Imp              Summ           ##......     10%         2    None
d - Blink                 Tloc           N/A          10%         2    None
e - Mephitic Cloud        Conj/Pois/Air  ###.....     12%         3    None
f - Repel Missiles        Chrm/Air       #.....       12%         2    None


Dungeon Overview and Level Annotations

Branches:
Dungeon (4/15)
 Temple: D:4-7

Altars:
Qazlal

Annotations:
D:3 Jessica


Message History

The giant mite completely misses you.
You swap places.
You enter the shallow water.
Moving in this stuff is going to be slow.
You kill the giant mite!
Your crimson imp blinks!
The giant gecko closely misses you.
Your unstable footing causes you to fumble your attack.
The giant gecko completely misses you.
Your unstable footing causes you to fumble your attack.
The giant gecko closely misses you.
Your unstable footing causes you to fumble your attack.
Your crimson imp disappears in a puff of smoke!
The giant gecko barely misses you.
You closely miss the giant gecko. The giant gecko bites you.
* * * LOW HITPOINT WARNING * * *
Your unstable footing causes you to fumble your attack.
The giant gecko bites you.
* * * LOW HITPOINT WARNING * * *
The giant gecko bites you.
You die...

## ...# #### #..####..
##########
###...#..###§@l†≈≈.≈#
#...........########≈####
#.........)## #..# ###
#........<## ##.####..
#..........# #.......#
#.........## ###.#####
#..........# #..#
#.........## ##.##
..........### #.>#


You could see a giant gecko.

Vanquished Creatures
  Grinder (D:3)
  2 orc wizards (D:3)
  An adder (D:1)
  A gnoll (D:3)
  A giant mite (D:3)
  An ooze (D:1)
  10 orcs (D:3)
  7 bats
  4 giant cockroaches
  4 goblins
  7 hobgoblins (D:1)
  A giant gecko (D:3)
  2 giant newts (D:1)
  6 kobolds
  A quokka (D:3)
  7 rats
56 creatures vanquished.

Vanquished Creatures (collateral kills)
  2 adders (D:2)
  A bat (D:2)
3 creatures vanquished.

Grand Total: 59 creatures vanquished

Notes
Turn   | Place    | Note
--------------------------------------------------------------
     0 | D:1      | faibistes, the Deep Elf Wizard, began the quest for the Orb.
     0 | D:1      | Reached XP level 1. HP: 10/10 MP: 6/6
   219 | D:1      | Reached XP level 2. HP: 15/15 MP: 8/10
   236 | D:1      | Learned a level 2 spell: Blink
   239 | D:1      | Learned a level 2 spell: Call Imp
   717 | D:1      | Reached skill level 5 in Spellcasting
   884 | D:1      | Reached XP level 3. HP: 19/19 MP: 14/14
   889 | D:1      | Learned a level 3 spell: Conjure Flame
   893 | D:1      | Learned a level 3 spell: Mephitic Cloud
  1404 | D:2      | Found a stormy altar of Qazlal.
  1608 | D:3      | Noticed Grinder
  1620 | D:3      | Paralysed by Grinder for 6 turns
  1622 | D:3      | Killed Grinder
  1622 | D:3      | Reached skill level 6 in Spellcasting
  1622 | D:3      | Reached XP level 4. HP: 12/24 MP: 9/18
  1622 | D:3      | Reached XP level 5. HP: 14/28 MP: 10/21
  1636 | D:3      | Learned a level 2 spell: Repel Missiles
  1799 | D:3      | Reached XP level 6. HP: 32/32 MP: 22/22
  1918 | D:3      | Noticed Jessica
  1949 | D:3      | Reached skill level 7 in Spellcasting
  1959 | D:3      | Slain by a giant gecko

Action                   |  1- 3 |  4- 6 || total
-------------------------+-------+-------++-------
Melee: Dagger            |     3 |    18 ||    21
 Cast: Magic Dart        |    77 |    34 ||   111
       Call Imp          |     7 |     1 ||     8
       Conjure Flame     |     2 |       ||     2
       Mephitic Cloud    |     1 |     4 ||     5
       Repel Missiles    |       |     1 ||     1
       Blink             |       |     2 ||     2
  Use: Scroll            |     4 |       ||     4
 Stab: Sleeping          |     2 |       ||     2
  Eat: Chunk             |     2 |     1 ||     3
